 Dungeon Crawl Stone Soup version 0.20.1-1-g8b1a95d (webtiles) character file.

172 Monsterracer the Skirmisher (level 5, -15/47 HPs)
             Began as a Minotaur Necromancer on Aug 30, 2017.
             Was a Follower of Qazlal.
             Killed from afar by an orc (20 damage)
             ... with an exploding inner flame
             ... hexed by the player character
             ... on level 3 of the Dungeon.
             The game lasted 00:06:55 (3866 turns).

Monsterracer the Skirmisher (Minotaur Necromancer)  Turns: 3866, Time: 00:06:55

Health: -15/47     AC:  4    Str: 14    XL:     5   Next: 27%
Magic:  6/6        EV: 12    Int: 12    God:    Qazlal [*.....]
Gold:   112        SH:  2    Dex: 10    Spells: 6/6 levels left

rFire    . . .     SeeInvis .   m - -3 short sword (curse)
rCold    . . .     Gourm    .   (no shield)
rNeg     . . .     Faith    +   b - +1 leather armour
rPois    .         Spirit   .   (helmet restricted)
rElec    .         Reflect  .   (no cloak)
rCorr    .         Harm     .   (no gloves)
MR       .....                  (no boots)
Stlth    +.........             g - amulet of faith
Regen    0.2/turn               (no ring)
MPRegen  0.1/turn               (no ring)

@: lethally poisoned (-15 -> -18), about to teleport, invisible
A: retaliatory headbutt, horns 2
a: Renounce Religion


You were on level 3 of the Dungeon.
You worshipped Qazlal.
Qazlal was aware of your devotion.
You were not hungry.

You visited 1 branch of the dungeon, and saw 3 of its levels.

You collected 112 gold pieces.

Inventory:

Hand Weapons
 k - a +2 trident of venom
 m - a cursed -3 short sword (weapon)
Armour
 b - a +1 leather armour (worn)
 j - a +0 buckler
Jewellery
 g - an amulet of faith (around neck)
Scrolls
 h - a scroll of teleportation
Potions
 a - a potion of degeneration {unknown}
 c - a potion of heal wounds
 e - a potion of resistance {unknown}
 f - a potion of haste
 i - a potion of lignification {unknown}
 l - 2 potions of curing {unknown}
Comestibles
 n - a chunk of flesh


   Skills:
 * Level 4.6 Fighting
 + Level 2.1 Armour
 + Level 3.3 Dodging
 - Level 1.5 Stealth
 - Level 1.3 Spellcasting
   Level 2.9 Necromancy
 + Level 0.6 Invocations


You had 6 spell levels left.
You didn't know any spells.

Dungeon Overview and Level Annotations

Branches:
Dungeon (3/15)

Altars:
Qazlal

Annotations:
D:3 feelmyfire's ghost, amateur DrGl


Innate Abilities, Weirdness & Mutations

You reflexively headbutt those who attack you in melee.
You have a pair of horns on your head.


Message History

Found a runed dagger.
You hear an angry hiss.
An adder comes into view.
As you read the scroll labeled OSATAPT APLIS, it crumbles to dust.
The creatures around you are filled with an inner flame!
It was a scroll of immolation.
The orc closely misses you.
As you read the scroll of teleportation, it crumbles to dust.
You feel strangely unstable. The adder bites you.
* * * LOW HITPOINT WARNING * * *
You are poisoned.
The adder poisons you! You block the orc's attack.
Damage: -2%(-1hp) hp: 13%(6hp) Unknown command.
It was a potion of invisibility.
You fade into invisibility!
You feel sick. You block the adder's attack. The orc closely misses you.
You furiously retaliate!
You headbutt the orc!
The orc explodes!
The fiery explosion engulfs you!
You die...

#### ..# #.#
##.##############
#.)..............
#§§.....(..#
#§########.# #@#
#.# ......S)# #.#
###..#### #.# ##
#.# #.# #.# #.#
#.# #>.>. #.#


You could see an adder (inner flame).

Vanquished Creatures
  A scorpion (D:3)
  3 adders
  4 worms
  2 dart slugs
  A leopard gecko (D:1)
  3 orcs (D:3)
  A ball python (D:2)
  2 bats (D:2)
  4 giant cockroaches
  8 goblins
  12 hobgoblins
  9 jackals (D:2)
  4 kobolds
  2 quokkas
  3 frilled lizards
  8 rats
67 creatures vanquished.

Notes
Turn   | Place    | Note
-------+----------+-------------------------------------------
     0 | D:1      | Monsterracer the Minotaur Necromancer began the quest for the Orb.
     0 | D:1      | Reached XP level 1. HP: 14/14 MP: 1/1
   245 | D:1      | Reached skill level 1 in Fighting
   306 | D:1      | Reached skill level 2 in Fighting
   329 | D:1      | Reached XP level 2. HP: 24/24 MP: 3/3
   366 | D:1      | HP: 9/24 [hobgoblin/club (5)]
   371 | D:1      | HP: 7/24 [hobgoblin/club (2)]
   501 | D:1      | HP: 10/25 [dart slug/slug dart (4)]
   958 | D:1      | HP: 5/25 [worm (10)]
  1117 | D:1      | HP: 9/25 [worm (1)]
  1121 | D:1      | Reached skill level 3 in Fighting
  1443 | D:2      | Reached XP level 3. HP: 16/31 MP: 0/4
  1594 | D:2      | HP: 15/31 [poisoned by an adder]
  1616 | D:2      | HP: 12/31 [quokka (2)]
  1917 | D:2      | HP: 15/31 [jackal (1)]
  1996 | D:2      | HP: 15/31 [goblin/dagger (2)]
  2282 | D:2      | Reached skill level 1 in Armour
  2357 | D:2      | Reached XP level 4. HP: 38/40 MP: 5/5
  2400 | D:2      | Found a faded altar of an unknown god.
  2403 | D:2      | Became a worshipper of Qazlal Stormbringer
  2403 | D:2      | Reached * piety under Qazlal
  2468 | D:2      | HP: 16/40 [worm (6)]
  2473 | D:2      | HP: 9/40 [dart slug (1)]
  3009 | D:3      | HP: 16/40 [worm (9)]
  3014 | D:3      | Reached skill level 4 in Fighting
  3350 | D:3      | HP: 20/40 [poisoned by a scorpion]
  3354 | D:3      | Reached XP level 5. HP: 17/47 MP: 6/6
  3355 | D:3      | HP: 15/47 [poisoned by a scorpion]
  3361 | D:3      | HP: 12/47 [poisoned by a scorpion]
  3368 | D:3      | HP: 10/47 [poisoned by a scorpion]
  3375 | D:3      | HP: 9/47 [poisoned by a scorpion]
  3383 | D:3      | HP: 9/47 [poisoned by a scorpion]
  3777 | D:3      | Noticed feelmyfire's ghost (amateur DrGl)
  3815 | D:3      | HP: 18/47 [orc/trident (7)]
  3823 | D:3      | HP: 17/47 [poisoned by an adder]
  3837 | D:3      | HP: 17/47 [orc/hand axe (1)]
  3843 | D:3      | HP: 10/47 [orc/hand axe (5)]
  3844 | D:3      | HP: 4/47 [orc/hand axe (6)]
  3865 | D:3      | HP: 6/47 [adder (2)]
  3866 | D:3      | Killed from afar by an orc

Skill      XL: |  1  2  3  4  5 |
---------------+----------------+-----
Fighting       | 2 3 4 |  4.6
Armour         | 1 2 |  2.1
Dodging        | 3 |  3.3
Stealth        | |  1.5
Spellcasting   | |  1.3
Necromancy     | |  2.9
Invocations    | |  0.6

Action                   |  1- 3 |  4- 6 || total
-------------------------+-------+-------++-------
Melee: Dagger            |    99 |       ||    99
       Headbutt          |    17 |    22 ||    39
       Whip              |     1 |       ||     1
       Short sword       |    30 |   124 ||   154
 Cast: Pain              |    33 |       ||    33
  Use: Scroll            |     5 |     5 ||    10
       Potion            |       |     1 ||     1
  Eat: Bread ration      |     1 |       ||     1
       Chunk             |     1 |     5 ||     6
Armor: Leather armour    |    39 |    23 ||    62
Dodge: Dodged            |   109 |    71 ||   180
Block: Other             |       |     9 ||     9
